 Dungeon Crawl Stone Soup version 0.23.1 (webtiles) character file.

Game seed: 3478076396393470802

1756 Borgoz the Shield-Bearer (level 9, -11/48 HPs)
             Began as a Gargoyle Fighter on Mar 2, 2019.
             Was a Believer of Hepliaklqana.
             Killed by divine providence
             ... invoked by an orc priest
              (14 damage)
             ... on level 7 of the Dungeon.
             The game lasted 00:09:51 (4703 turns).

Borgoz the Shield-Bearer (Gargoyle Fighter)         Turns: 4703, Time: 00:09:53

Health: -11/48     AC: 23    Str: 20    XL:     9   Next: 6%
Magic:  9/9        EV:  9    Int: 10    God:    Hepliaklqana [**....]
Gold:   308        SH: 10    Dex: 11    Spells: 8/8 levels left

rFire    x . .     SeeInvis .   u - +2 flail (protect)
rCold    + . .     Gourm    .   c - +0 shield
rNeg     + . .     Faith    .   b - +0 scale mail
rPois    ∞         Spirit   .   A - +0 helmet (curse)
rElec    +         Reflect  .   (no cloak)
rCorr    +         Harm     .   x - +0 pair of gloves
MR       .....                  (no boots)
Stlth    ..........             s - amulet of regeneration
HPRegen  0.56/turn              w - ring of ice
MPRegen  0.11/turn              k - ring of resist corrosion

@: protection aura
A: reduced essence, negative energy resistance 1, electricity resistance,
unbreathing, petrification resistance, rot immunity, AC +6
a: Recall Ancestor, Ancestor Identity, Renounce Religion


You were on level 7 of the Dungeon.
You worshipped Hepliaklqana.
Hepliaklqana was pleased with you.
You were not hungry.

You visited 2 branches of the dungeon, and saw 8 of its levels.

You collected 308 gold pieces.

Inventory:

Hand Weapons
 u - a +2 flail of protection (weapon)
 y - a +0 flail of holy wrath
Armour
 b - a +0 scale mail (worn)
 c - a +0 shield (worn)
 x - a +0 pair of gloves (worn)
 A - a cursed +0 helmet (worn)
 D - a +1 leather armour of cold resistance
Jewellery
 k - a ring of resist corrosion (right hand)
 p - a +4 ring of intelligence
 q - a +4 amulet of reflection
 s - an amulet of regeneration (around neck)
 w - a ring of ice (left hand)
Wands
 v - a wand of random effects (10)
 z - a wand of acid (12)
Scrolls
 a - 2 scrolls of noise {unknown}
 e - a scroll of enchant weapon {unknown}
 g - 3 scrolls of amnesia
 l - a scroll of magic mapping
 r - 6 scrolls of remove curse {unknown}
 t - a scroll of enchant armour {unknown}
 C - a scroll of random uselessness {unknown}
 F - a scroll of fear {unknown}
Potions
 d - a potion of brilliance
 h - 3 potions of mutation
 i - a potion of invisibility
 j - a potion of haste {unknown}
 m - 4 potions of curing
 n - 2 potions of heal wounds
 o - a potion of resistance
 B - 2 potions of flight
 E - a potion of lignification {unknown}
Comestibles
 f - 6 rations
 G - 3 chunks of flesh


   Skills:
 + Level 5.0 Fighting
 + Level 7.0 Maces & Flails
 + Level 5.5 Armour
 + Level 3.3 Dodging
 + Level 7.3 Shields


You had 8 spell levels left.
You didn't know any spells.
Your spell library was empty.

Dungeon Overview and Level Annotations

Branches:
Dungeon (7/15)             Temple (1/1) D:6

Altars:
Ashenzari
Cheibriados
Dithmenos
Elyvilon
Fedhas
Gozag
Hepliaklqana
Kikubaaqudgha
Makhleb
Nemelex Xobeh
Okawaru
Qazlal
Ru
Sif Muna
Trog
Uskayaw
Vehumet
Wu Jian
Xom
Yredelemnul
Zin

Shops:
D:5 (


Innate Abilities, Weirdness & Mutations

You are resistant to torment.
Your stone body is resilient. (AC +6)
You are immune to poison.
You resist negative energy. (rN+)
You are resistant to electric shocks. (rElec)
You can survive without breathing.
You are immune to petrification.
You are immune to rotting.
Your life essence is reduced to manifest your ancestor. (-10% HP)


Message History

* * * LOW HITPOINT WARNING * * *
The orc wizard points at you and mumbles some strange words.
The puff of flame hits you but does no damage.
Akhenaten barely misses the orc wizard.
Your shield and scale mail prevent you from hitting the orc wizard.
The orc wizard closely misses Akhenaten.
Akhenaten casts a spell at the orc wizard.
The orc wizard seems to slow down.
You closely miss the orc wizard.
The orc priest calls down the wrath of Beogh upon you.
Beogh smites you!
* * * LOW HITPOINT WARNING * * *
You hit the orc warrior.
Your weapon exudes an aura of protection.
The orc warrior is moderately wounded.
Akhenaten casts a spell at the orc warrior.
The orc warrior resists with some effort.
The orc priest calls down the wrath of Beogh upon you.
Beogh smites you!
You die...

##.......
#...#######
.#........
#...#.....#
.+........
#...#.....#
+#........
###'###...#
...#+##..
#.###...#
..#
+.......#
#.......#
#.......#
#R@.....#
#o###...#
#..ooo##...#
#.....#....#
#.....# ...#
#.....# ###
#######


You could see the friendly Akhenaten the hexer, an orc warrior, an orc priest
and an orc wizard.

Vanquished Creatures
  The ghost of nganga the Stinger, an amateur NaVM (D:4)
  Edmund (D:5)
  An ogre (D:5)
  Blork the orc (D:5)
  4 bullfrogs
  3 scorpions
  A howler monkey (D:5)
  4 hounds
  A bullfrog skeleton (D:5)
  3 jellies
  2 orc priests
  3 orc wizards
  2 centaur skeletons
  4 worker ants
  7 adders
  2 oozes
  An adder skeleton (D:4)
  2 worms
  2 dart slugs (D:3)
  4 leopard geckos
  19 orcs
  8 bats
  2 giant cockroaches
  5 goblins
  9 hobgoblins
  3 jackals (D:5)
  3 quokkas
  6 ball pythons (D:2)
  4 frilled lizards
  A jackal skeleton (D:5)
  4 kobolds
  22 rats
135 creatures vanquished.

Vanquished Creatures (collateral kills)
  3 crimson imps (D:6)
  An orc wizard (D:6)
  2 worker ants
  A worm (D:4)
  A leopard gecko (D:6)
  4 orcs
  A bat (D:3)
  A frilled lizard (D:4)
  A quokka zombie (D:6)
15 creatures vanquished.

Vanquished Creatures (others)
  An orc wizard (D:5)
  An ancestor (D:4)
2 creatures vanquished.

Grand Total: 152 creatures vanquished

Notes
Turn   | Place    | Note
-------+----------+-------------------------------------------
     0 | D:1      | Borgoz the Gargoyle Fighter began the quest for the Orb.
     0 | D:1      | Reached XP level 1. HP: 14/14 MP: 1/1
    40 | D:1      | Reached XP level 2. HP: 19/19 MP: 2/2
   348 | D:1      | Found an iron altar of Okawaru.
   473 | D:1      | Reached XP level 3. HP: 24/24 MP: 3/3
  1136 | D:2      | Found a shimmering altar of Xom.
  1211 | D:2      | Reached XP level 4. HP: 20/29 MP: 4/4
  1267 | D:2      | Found a hazy altar of Hepliaklqana.
  1629 | D:2      | Reached XP level 5. HP: 33/33 MP: 5/5
  1731 | D:2      | Became a worshipper of Hepliaklqana the Forgotten
  1866 | D:3      | Reached skill level 1 in Dodging
  2136 | D:4      | Found a runed translucent gate.
  2136 | D:4      | Found a runed translucent gate.
  2136 | D:4      | Found a runed translucent gate.
  2326 | D:3      | Reached * piety under Hepliaklqana
  2440 | D:4      | Reached XP level 6. HP: 32/34 MP: 6/6
  2558 | D:4      | Found a sparkling altar of Nemelex Xobeh.
  2756 | D:4      | Noticed nganga's ghost (amateur NaVM)
  2910 | D:5      | Entered Level 5 of the Dungeon
  2947 | D:5      | Reached skill level 5 in Shields
  2951 | D:5      | Reached XP level 7. HP: 28/39 MP: 7/7
  2968 | D:5      | Noticed Blork the orc
  2976 | D:5      | Killed Blork the orc
  2976 | D:5      | Reached skill level 5 in Maces & Flails
  3259 | D:5      | Found a white marble altar of Elyvilon.
  3339 | D:5      | Found a deep blue altar of Sif Muna.
  3433 | D:5      | Noticed Edmund
  3447 | D:5      | Killed Edmund
  3481 | D:5      | Reached ** piety under Hepliaklqana
  3495 | D:5      | Reached XP level 8. HP: 43/43 MP: 8/8
  3554 | D:5      | Found Yray's Weapon Shoppe.
  3779 | D:4      | Killed nganga's ghost
  3790 | D:4      | Remembered your ancestor Akhenaten as a hexer
  3999 | D:6      | Found a burning altar of Makhleb.
  4132 | D:6      | Reached skill level 5 in Armour
  4202 | D:6      | Found a staircase to the Ecumenical Temple.
  4244 | Temple   | Entered the Ecumenical Temple
  4534 | D:7      | Reached XP level 9. HP: 47/47 MP: 9/9
  4546 | D:7      | Reached skill level 5 in Fighting
  4702 | D:7      | HP: 2/48 [orc priest/divine providence (12)]
  4703 | D:7      | Killed from afar by an orc priest

Skill      XL: |  1  2  3  4  5  6  7  8  9 |
---------------+----------------------------+-----
Shields        | 4 5 6 7 |  7.3
Maces & Flails | 3 4 5 6 7 |  7.0
Fighting       | 4 5 |  5.0
Dodging        | 1 3 |  3.3
Armour         | 4 5 |  5.5

Action                   |  1- 3 |  4- 6 |  7- 9 || total
-------------------------+-------+-------+-------++-------
Melee: Flail             |   176 |   226 |   187 ||   589
Invok: Ancestor Identity |       |     1 |       ||     1
       Ancestor Life: He |       |       |     1 ||     1
Evoke: Wand              |       |       |     1 ||     1
  Use: Scroll            |       |       |    11 ||    11
       Potion            |       |       |     2 ||     2
 Stab: Distracted        |       |     1 |     2 ||     3
  Eat: Chunk             |     1 |     6 |     6 ||    13
Armor: Scale mail        |   118 |   128 |    91 ||   337
Dodge: Dodged            |    64 |    84 |    62 ||   210
Block: Shield            |   114 |   161 |   106 ||   381
       Reflection        |       |     2 |     1 ||     3
